Unix NetHack Version 5.0.0-0 post-release - last build Jun 10 2026 00:39:30 (3ee93aec679c4c4259841fe613dc97188e26a321,branch:main).

Game began 2026-06-13 16:31:59, ended 2026-06-13 16:57:44.

DiePARTEI, neutral female human Tourist

                          ---
                          |.
                          |.-----
                          |.-.%.|
                          |.|.%(|
                          |.|---------+--
                          |.|.@@.|.%(...-+----- - ---
                        ##..|dd..-.-|--...).........|
                       ## |.|.).)|.|..||-- .{..--+- -
                       #  |.|@...|.|!%|..  --- -
                       #  |.|-----.|%%|..
                --+..-[#  |.|((.|..-------
                |.....#   |.|%(.-.....|
                .....-#   |.|((*|.....|
                |....|    |.-----[....-----------+-      |
                |....|    |.....%........................|
                |...<|    --------------------------------
                ------

DiePARTEI the Excursionist  St:13 Dx:8 Co:18 In:14 Wi:8 Ch:16  Neutral
Dlvl:6  $:302 HP:0(76) Pw:16(19) AC:4  Xp:6 T:2979 

Latest messages:
 What do you want to fire? [$lxJ or ?*] <enter>
 Never mind.
 What do you want to ready? [$lxJ or ?*] ?
 J - 13 uncursed daggers (at the ready).
 In what direction? 9
 The dagger misses the werewolf.
 Your movements are now unencumbered.
 The werewolf bites!
 You hit the werewolf.
 The werewolf bites!
 You miss the werewolf.
 The werewolf summons help!
 A warg suddenly appears next to you!
 The werewolf bites!
 In what direction? 9
 The dagger hits the werewolf.
 The warg bites!
 The werewolf misses!
 In what direction? 9
 The dagger misses the werewolf.
 The warg bites!
 The werewolf just misses!
 In what direction? 9
 The dagger hits the werewolf.
 The warg bites!
 The werewolf bites!
 The werewolf bites!
 The werewolf bites!
 What do you want to read? [gkCD or ?*] C
 You read the scroll.
 The scroll erupts in a tower of flame!
 Boom!
 The warg is caught in the tower of flame!
 The werewolf is caught in the tower of flame!
 The watch captain gets angry!
 The watch captain is caught in the tower of flame!
 The watch captain's boots smoulder!
 The watch captain resists the tower of flame!
 The warg bites!
 The werewolf bites!
 The watch captain wields a silver saber!
 The watch captain swings his silver saber.
 The watch captain hits!
 The silver sears your flesh!
 You die...
 Do you want your possessions identified? [ynq] (y) y
 Do you want to see your attributes? [ynq] (y) y
 Do you want an account of creatures vanquished? [ynaq] (y) y
 Do you want to see your conduct and achievements? [ynq] (y) y
 Do you want to see the dungeon overview? [ynq] (y) y

Inventory:
 Coins    ('$')
  $ - 302 gold pieces
 Weapons  (')')
  x - 9 +0 shuriken
  J - 9 +0 daggers (at the ready)
  l - a cursed +0 elven dagger
 Armor    ('[')
  O - a cursed +0 helm of opposite alignment
  V - a cursed +0 orcish helm (being worn)
  P - a blessed +0 pair of iron shoes (being worn)
  K - an uncursed +0 dwarvish cloak (being worn)
  h - an uncursed +0 Hawaiian shirt with a water nymph motif (being worn)
  v - an uncursed +1 leather armor (being worn)
 Comestibles  ('%')
  B - an uncursed clove of garlic
  c - 3 uncursed food rations
  d - 2 uncursed eggs
 Scrolls  ('?')
  k - an uncursed scroll of enchant weapon
  g - 2 uncursed scrolls of magic mapping
 Spellbooks  ('+')
  D - an uncursed spellbook of healing
 Potions  ('!')
  w - an uncursed potion of fruit juice
  F - an uncursed potion of gain ability
  o - an uncursed potion of object detection
  E - an uncursed potion of sickness
  H - an uncursed potion of speed
  Z - an uncursed potion of water
 Rings    ('=')
  t - an uncursed +1 ring of adornment
  R - an uncursed ring of polymorph control
 Wands    ('/')
  Y - a cursed wand of digging (0:6)
  U - a wand of magic missile (0:3)
 Tools    ('(')
  s - an empty uncursed bag of holding
  j - an uncursed credit card
  i - an expensive camera (0:78)
 Gems/Stones  ('*')
  S - an uncursed worthless piece of green glass
  m - an uncursed worthless piece of orange glass
  n - an uncursed worthless piece of red glass
  u - a cursed worthless piece of red glass
  W - an uncursed worthless piece of yellowish brown glass
  y - 8 uncursed flint stones

DiePARTEI the Tourist's attributes:

Background:
 You were an Excursionist, a level 6 female human Tourist.
 You were neutral, on a mission for The Lady
 who was opposed by Blind Io (lawful) and Offler (chaotic).
 You were right-handed.
 You were in the Gnomish Mines, on level 6.
 You entered the dungeon 2979 turns ago.
 You had 463 experience points, 177 more were needed to attain level 7.

Basics:
 You had 0 out of 76 hit points.
 You had 16 out of 19 energy points (spell power).
 Your armor class was 4.
 Your wallet contained 302 zorkmids.
 Autopickup was off.

Final Characteristics:
 Your strength was 13 (limit:18/100).
 Your dexterity was 8 (limit:18).
 Your constitution was 18 (limit:18).
 Your intelligence was 14 (limit:18).
 Your wisdom was 8 (limit:18).
 Your charisma was 16 (limit:18).

Final Status:
 You weren't hungry.
 You were unencumbered.
 You were bare handed.
 You had basic skill with bare handed combat.

Final Attributes:
 You were piously aligned.
 Your items were somewhat protected from fire.
 Your items were somewhat protected from cold.
 You were level-drain resistant.
 You were warded.
 You were a werewolf.
 You were harmed by silver.
 You are dead.

Miscellaneous:
 You didn't encounter any bones levels.
 Total elapsed playing time was 25 minutes and 43 seconds.

Major events:
 Turn
    1: DiePARTEI the neutral female human Tourist entered the dungeon
 1156: attained the rank of Sightseer (level 3)
 1990: entered the Gnomish Mines
 2642: reached Mine Town
 2711: attained the rank of Excursionist (level 6)
 2979: killed by a watch captain

Spells:
 Name                 Level Category     Fail Retention
 healing                1   healing       61%  76%-100%

Skills:
 Fighting Skills
   bare handed combat [Basic]
   two weapon combat  [Unskilled]
   riding             [Unskilled]
 Weapon Skills
   dagger             [Unskilled]
   knife              [Unskilled]
   axe                [Unskilled]
   pick-axe           [Unskilled]
   short sword        [Unskilled]
   broadsword         [Unskilled]
   long sword         [Unskilled]
   two-handed sword   [Unskilled]
   saber              [Unskilled]
   mace               [Unskilled]
   morning star       [Unskilled]
   flail              [Unskilled]
   hammer             [Unskilled]
   quarterstaff       [Unskilled]
   polearms           [Unskilled]
   spear              [Unskilled]
   trident            [Unskilled]
   lance              [Unskilled]
   bow                [Unskilled]
   sling              [Unskilled]
   crossbow           [Unskilled]
   dart               [Skilled]
   shuriken           [Unskilled]
   boomerang          [Unskilled]
   whip               [Unskilled]
   unicorn horn       [Unskilled]
 Spellcasting Skills
   divination spells  [Unskilled]
   enchantment spells [Unskilled]
   escape spells      [Unskilled]

Voluntary challenges:
 Character rerolling was not enabled.
 You never hit with a wielded weapon.
 You never genocided any monsters.
 You never polymorphed an object.
 You never changed form.
 You used no wishes.
Achievements:
 You attained the rank of Sightseer.
 You entered the Gnomish Mines.
 You entered Minetown.
 You entered a shop.
 You attained the rank of Excursionist.
 You entered a temple.

 The Dungeons of Doom: levels 1 to 4
    Level 1:
    Level 2:
    Level 3:
       An altar to The Lady, a fountain, a grave.
       Stairs down to The Gnomish Mines.
    Level 4:
 The Gnomish Mines: levels 4 to 6
    Level 4:
    Level 5:
    Level 6: <- You were here.
       Many shops, a temple and an altar, a fountain.
       Final resting place for
          you, killed by a watch captain.


Vanquished creatures:
  a wolf
  a dingo
  a wood nymph
  5 gnome leaders
  2 gnomish wizards
  a little dog
  a floating eye
  5 dwarves
  2 monkeys
  3 iguanas
  a gas spore
  3 hobbits
  2 brown molds
  2 yellow molds
  a red mold
 21 gnomes
  2 gnome zombies
  a gecko
  2 jackals
  a fox
  4 kobolds
  2 goblins
  3 sewer rats
  5 grid bugs
  a bat
  a lichen
  a kobold zombie
  3 newts
78 creatures vanquished.

No species were genocided or became extinct.

Game over:
                       ----------
                      /          \
                     /    REST    \
                    /      IN      \
                   /     PEACE      \
                  /                  \
                  |    DiePARTEI     |
                  |      302 Au      |
                  |   killed by a    |
                  |  watch captain   |
                  |                  |
                  |                  |
                  |       2026       |
                 *|     *  *  *      | *
        _________)/\\_//(\/(/\)/\//\/|_)_______

Aloha DiePARTEI the Tourist...

You died in The Gnomish Mines on dungeon level 6 with 2212 points,
and 302 pieces of gold, after 2979 moves.
You were level 6 with a maximum of 76 hit points when you died.

